 Dungeon Crawl Stone Soup version 0.25-a0-661-g55ea3d2053 (webtiles) character file.

Game seed: 13065217179508900591, levelgen mode: deterministic

26 Esekla the Stinger (level 3, -1/22 HPs)
             Began as an Octopode Venom Mage on Mar 23, 2020.
             Slain by an adder (4 damage)
             ... on level 2 of the Dungeon.
             The game lasted 00:04:38 (763 turns).

Esekla the Stinger (Octopode Venom Mage)             Turns: 763, Time: 00:04:38

Health: -1/22      AC:  1    Str:  8    XL:     3   Next: 8%
Magic:  6/6        EV: 15    Int: 17    God:
Gold:   46         SH:  0    Dex: 15    Spells: 5/6 levels left

rFire    . . .     SeeInvis .   a - +1 spear (flame)
rCold    . . .     Gourm    .   (no shield)
rNeg     . . .     Faith    .   (helmet restricted)
rPois    .         Spirit   .   (no amulet)
rElec    .         Reflect  .   c - ring of stealth
rCorr    .         Harm     .   d - +3 ring of dexterity
MR       .....                  f - +1 ring of evasion
Stlth    +++.......             (no ring)
HPRegen  0.07/turn              (no ring)
MPRegen  0.10/turn              (no ring)
                                (no ring)
                                (no ring)

@: confused, lethally poisoned (-1 -> -9), stab
A: almost no armour, stealthy swim, amphibious, 8 rings, constrict 8, camouflage
1, gelatinous body 1
a: no special abilities


You were on level 2 of the Dungeon.
You were not hungry.

You visited 1 branch of the dungeon, and saw 2 of its levels.

You collected 46 gold pieces.

Inventory:

Hand Weapons
 a - a +1 spear of flaming (weapon)
Jewellery
 c - a ring of stealth (left tentacle)
 d - a +3 ring of dexterity (right tentacle)
 f - a +1 ring of evasion (on tentacle)
Scrolls
 e - a scroll of enchant weapon {unknown}
 h - a scroll of identify {unknown}
Potions
 j - a potion of degeneration {unknown}
 k - a potion of heal wounds {unknown}
 l - a potion of curing {unknown}
Comestibles
 b - 4 rations


   Skills:
 * Level 0.5 Fighting
 + Level 0.7 Polearms
 * Level 2.2 Dodging
 + Level 3.1 Stealth
 * Level 2.3 Spellcasting
 - Level 1.0 Transmutations
 + Level 4.0 Poison Magic


You had 5 spell levels left.
You knew the following spells:

 Your Spells              Type           Power        Failure   Level  Hunger
a - Sting                 Tmut/Pois      ##..         7%          1    #......

Your spell library contained the following spells:

 Spells                   Type           Power        Failure   Level  Hunger
 Poisonous Vapours        Pois/Air       #.....       12%         2    ###....
 Ignite Poison            Fire/Tmut/Pois #.......     28%         3    ###....
 Mephitic Cloud           Conj/Pois/Air  #.......     32%         3    ###....
 Olgreb's Toxic Radiance  Pois           ###.....     34%         4    #####..


Dungeon Overview and Level Annotations

Branches:
Dungeon (1/15)

Altars:
Xom

Annotations:
D:2 Robin


Innate Abilities, Weirdness & Mutations

You cannot wear most types of armour.
You are very stealthy in the water. (Stealth+)
You are amphibious.
You can wear up to eight rings at the same time.
You can use your tentacles to constrict eight enemies at once.
Your skin changes colour to match your surroundings (Stealth+).
Your rubbery body absorbs attacks. (AC +1, EV +1)


Message History

The adder bites you.
* * * LOW HITPOINT WARNING * * *
You are more poisoned.
The adder poisons you!
You hit the adder. You burn the adder. Your grab misses the adder.
The adder is severely wounded.
* * * LOW HITPOINT WARNING * * *
You feel sick. The adder bites you.
* * * LOW HITPOINT WARNING * * *
The adder bites you but does no damage.
It was a potion of stabbing.
You feel ready to backstab.
* * * LOW HITPOINT WARNING * * *
You feel sick. The adder completely misses you.
It was a potion of ambrosia.
You are confused.
You feel invigorated.
* * * LOW HITPOINT WARNING * * *
You feel sick. The adder bites you.
You die...

#..S.gS...#
#.#######.#
#.# #S# #S#
#g# #.# #.#
#g# #S# #S#
#.# # #)#
#.###.##
#.#
#gS@...#
######.#
########
gS)g.#.#
####S#.#
.....#.#
..)..#)#
.......#
.###.### .#
#.#


You could see an adder and a hobgoblin.

Vanquished Creatures
  An adder (D:2)
  A leopard gecko (D:1)
  2 bats (D:1)
  2 hobgoblins (D:1)
  A kobold (D:2)
  3 goblins
  6 rats
16 creatures vanquished.

Notes
Turn   | Place    | Note
-------+----------+-------------------------------------------
     0 | D:1      | Esekla the Octopode Venom Mage began the quest for the Orb.
     0 | D:1      | Reached XP level 1. HP: 11/11 MP: 3/3
   122 | D:1      | Found a shimmering altar of Xom.
   461 | D:1      | Reached XP level 2. HP: 17/17 MP: 5/5
   666 | D:1      | You fall into a shaft and drop 1 floor!
   704 | D:2      | Noticed Robin
   755 | D:2      | Reached skill level 4 in Poison Magic
   755 | D:2      | Reached XP level 3. HP: 13/22 MP: 6/6
   762 | D:2      | HP: 1/22 [poisoned by an adder]
   763 | D:2      | Slain by an adder

Levels and vault maps discovered:
D:1:      scummos_arrival_hexagon, layout_loops_ring, xom_teletrap_fun
D:2:      layout_basic, uniq_robin

Skill      XL: |  1  2 |
---------------+-------+-----
Stealth        | 3 |  3.1
Poison Magic   | 4 |  4.0
Fighting       | |  0.5
Polearms       | |  0.7
Dodging        | |  2.2
Spellcasting   | |  2.3
Transmutations | |  1.0

Action                   || total
-------------------------++-------
Melee: Spear             ||    37
       Tentacles         ||     3
       Constrict         ||     4
  Use: Potion            ||     2
 Stab: Sleeping          ||     9
Armor: Skin              ||     2
Dodge: Dodged            ||    19

Table legend:
 A = Non-vault XP
 B = Vault XP
 C = Vault XP percentage of total XP
 D = Non-vault monster count
 E = Vault monster count
 F = Vault count percentage of total count
                 A         B        C        D         E       F
            +---------+---------+-------+---------+---------+-------
      Total |      36 |       2 |   5.3 |      15 |       1 |   6.2
            +---------+---------+-------+---------+---------+-------
        D:1 |      17 |       0 |   0.0 |      11 |       0 |   0.0
        D:2 |      19 |       2 |   9.5 |       4 |       1 |  20.0
            +---------+---------+-------+---------+---------+-------
